Map: Emerald City LE

Players

OpuS

  • Race: Protoss Protoss
  • League: Platinum
  • Spawn Location: 11:00

Sketchaphone

  • Race: Zerg Zerg
  • League: Platinum
  • Spawn Location: 11:00

FlowOfIdeas

  • Race: Zerg Zerg
  • Spawn Location: 5:00

Achamian

  • Race: Protoss Protoss
  • League: Diamond
  • Spawn Location: 5:00

VOD

Have the link to the VOD?

Description

Time

  • Played on: Feb. 25, 2019, 8:06 p.m.
  • Length: 19:46
Show
View Real Time Build Order
Export as new Build Order

OpuS Protoss 

Build Orders:  

Get SALT Encoding   

  12  0:01  Probe  
  13  0:13  Probe  
  14  0:18  Pylon  
  14  0:28  Probe  
  15  0:38  Gateway  
  15  0:44  Probe  
  16  0:51  Assimilator  
  16  0:56  Probe  
  17  0:59  Assimilator  
  17  1:08  Probe  
  17  1:10  Gateway  
  18  1:20  Probe  
  19  1:26  Cybernetics Core  
  19  1:33  Probe  
  20  1:43  Pylon  
  20  1:45  Probe  
  21  1:57  Probe  
  22  2:09  Probe  
  22  2:10  Stalker x2  
  27  2:21  Probe  
  28  2:24  Warp Gate  
  28  2:28  Pylon  
  28  2:33  Probe  
  29  2:44  Shield Battery  
  29  2:45  Probe  
  29  2:47  Stalker  
  29  2:49  Stalker  
  34  3:10  Pylon  
  33  3:38  Nexus  
  33  3:40  Pylon  
  33  3:41  Stargate  
  33  3:46  Gateway  
  33  3:51  Probe  
  34  4:06  Probe  
  35  4:12  Stalker  
  35  4:17  Stalker  
  39  4:18  Probe  
  39  4:19  Oracle  
  40  4:31  Probe  
  44  4:37  Stalker  
  46  4:47  Gateway  
  46  4:48  Robotics Facility  
  42  5:07  Void Ray  
  42  5:09  Stalker  
  48  5:16  Probe x2  
  48  5:28  Probe x2  
  48  5:29  Twilight Council  
  50  5:40  Probe x2  
  50  5:41  Observer  
  50  5:42  Zealot x2  
  55  5:52  Probe  
  55  5:53  Probe  
  57  6:05  Probe x2, Charge  
  59  6:17  Probe x2, Void Ray  
  65  6:23  Assimilator  
  65  6:24  Zealot  
  67  6:27  Assimilator  
  67  6:29  Probe x2  
  69  6:40  Pylon  
  69  6:43  Pylon  
  69  6:45  Pylon  
  69  6:47  Gateway  
  69  6:51  Gateway  
  69  6:53  Gateway  
  69  6:55  Gateway  
  69  7:02  Dark Shrine  
  69  7:07  Probe x2  
  71  7:15  Void Ray  
  75  7:19  Probe x2  
  77  7:31  Probe  
  77  7:33  Probe  
  79  7:41  Zealot  
  79  7:42  Zealot x3  
  79  7:43  Probe  
  73  8:03  Void Ray  
  73  8:04  Zealot x6  
  83  8:37  Templar Archives  
  83  8:45  Void Ray  
  77  9:00  Zealot x5  
  77  9:01  Zealot x3  
  77  9:16  Pylon  
  77  9:18  Pylon  
  77  9:24  Nexus  
  77  9:30  Dark Templar x4  
  77  9:51  Void Ray  
  79  9:53  Zealot  
  79  9:54  Zealot x2  
  79  9:56  Zealot  
  87  10:11  Forge  
  87  10:12  Forge  
  87  10:13  Probe x2  
  89  10:22  Zealot x2  
  89  10:24  Void Ray  
  89  10:27  Protoss Air Weapons Level 1  
  91  10:53  Zealot x5  
  91  10:56  Probe x2  
  99  10:58  Probe  
  96  11:11  Dark Templar  
  87  11:26  Observer  
  87  11:29  Forge  
  64  11:33  Forge  
  42  11:47  Observer  
  36  11:54  Zealot x4  
  36  11:55  Zealot x3  
  39  12:21  Probe x2  
  37  12:40  Stalker x2  
  41  12:44  Probe x2  
  43  12:56  Probe x2  
  28  13:16  Psionic Storm  
  25  13:25  Photon Cannon, Probe  
  25  13:26  Probe  
  27  13:38  High Templar x2  
  27  13:39  High Templar x2  
  27  13:40  High Templar x3  
  27  13:41  High Templar  
  43  13:50  Probe x2  
  43  13:53  Protoss Ground Weapons Level 1  
  43  13:54  Protoss Ground Armor Level 1  
  45  14:02  Probe  
  46  14:03  Probe  
  45  14:14  Probe  
  45  14:15  Probe  
  47  14:31  High Templar  
  49  14:32  High Templar  
  49  14:37  Archon  
  51  14:58  Probe  
  51  14:59  Probe  
  49  15:01  Dark Templar  
  48  15:11  Probe x2  
  48  15:20  Zealot  
  48  15:21  Zealot x3  
  56  15:35  Dark Templar  
  42  16:10  Stalker  
  17  16:55  Probe x2  
  17  16:56  Nexus  
  19  17:07  Probe x2  
  21  17:12  Pylon  
  21  17:25  Probe x2  
  23  17:37  Probe x2  
  25  18:01  High Templar  
  25  18:02  High Templar, Zealot  
  25  18:03  Zealot  
  33  18:06  Zealot  
  35  18:19  Zealot  
  37  18:21  Probe  
  38  18:40  High Templar, Zealot  
  40  18:43  Zealot  
  40  18:48  Probe  
Show
View Real Time Build Order
Export as new Build Order

Sketchaphone Zerg 

Build Orders: Hatch First 

Get SALT Encoding   

  12  0:01  Drone  
  13  0:12  Overlord  
  13  0:16  Drone  
  14  0:23  Drone, Extractor  
  15  0:31  Drone  
  15  0:34  Drone  
  17  0:55  Hatchery  
  16  0:57  Drone  
  16  1:01  Drone  
  18  1:10  Extractor  
  17  1:18  Drone  
  18  1:23  Spawning Pool  
  17  1:34  Drone x2  
  19  1:49  Overlord  
  19  1:53  Drone  
  20  2:12  Zergling x2  
  20  2:13  Queen, Zergling x2  
  20  2:14  Queen  
  26  2:28  Metabolic Boost  
  26  2:40  Drone x2  
  26  2:41  Overlord  
  26  2:42  Drone x3  
  31  2:57  Spore Crawler  
  30  3:00  Spore Crawler  
  29  3:07  Drone  
  29  3:08  Zergling x6  
  33  3:18  Drone  
  38  3:27  Zergling x14  
  41  3:42  Drone  
  41  3:43  Lair  
  41  3:44  Drone x2  
  44  3:52  Overlord  
  44  3:55  Overlord  
  44  4:01  Evolution Chamber, Drone  
  32  4:38  Zergling x2  
  32  4:39  Zergling x8  
  32  4:43  Roach Warren  
  36  4:45  Zerg Ground Armor Level 1  
  36  4:46  Evolution Chamber, Drone  
  36  4:47  Drone x2  
  36  4:48  Zergling x4  
  40  4:55  Spine Crawler  
  39  5:13  Zerg Missile Weapons Level 1  
  39  5:15  Drone x2  
  39  5:16  Drone x3, Extractor  
  43  5:26  Hatchery  
  36  5:43  Roach  
  36  5:44  Roach x6  
  44  6:02  Spine Crawler  
  43  6:10  Extractor  
  42  6:14  Extractor  
  41  6:19  Zergling x2  
  41  6:23  Hatchery  
  41  6:34  Overlord  
  41  6:35  Drone x5  
  41  6:37  Overlord  
  46  6:40  Glial Reconstitution  
  46  6:43  Roach  
  46  6:45  Roach  
  50  6:50  Roach x2  
  50  6:51  Drone  
  50  6:52  Overlord  
  55  6:54  Overlord  
  54  7:05  Roach  
  54  7:06  Roach  
  58  7:21  Roach x4  
  58  7:22  Drone  
  67  7:30  Drone x2  
  67  7:32  Drone  
  70  7:38  Queen  
  72  7:50  Overlord  
  66  8:21  Queen  
  58  8:31  Infestation Pit  
  58  8:33  Zerg Missile Weapons Level 2  
  51  8:34  Zerg Ground Armor Level 2  
  51  8:35  Zergling x18  
  60  8:43  Overlord  
  60  8:49  Drone x2  
  60  8:50  Drone x2  
  64  9:12  Pneumatized Carapace  
  63  9:27  Pathogen Glands  
  63  9:28  Baneling Nest  
  60  9:36  Roach x9  
  76  9:49  Roach  
  76  9:50  Roach x3  
  77  10:07  Drone x3  
  77  10:09  Drone  
  77  10:10  Drone x2  
  84  10:14  Ravager  
  84  10:15  Ravager  
  85  10:26  Overseer  
  84  10:36  Infestor x3  
  84  10:41  Burrow  
  92  10:42  Zergling x4  
  92  10:43  Zergling x16  
  92  10:48  Drone x4  
  104  10:52  Drone  
  104  10:53  Drone  
  104  10:56  Overlord  
  106  10:57  Overlord  
  104  11:26  Zerg Melee Weapons Level 1  
  104  11:28  Nydus Network  
  72  12:01  Zergling x14  
  72  12:02  Zergling x16  
  80  12:08  Roach  
  80  12:09  Roach x2  
  80  12:15  Overseer  
  84  12:17  Overseer  
  84  12:27  Hive, Centrifical Hooks  
  84  12:29  Roach  
  94  12:30  Roach x4  
  94  12:31  Drone  
  94  12:36  Extractor  
  89  12:55  Zergling x16  
  92  13:02  Roach x5  
  85  13:35  Roach  
  85  13:36  Roach x11  
  103  13:44  Infestor x3  
  109  13:51  Zerg Missile Weapons Level 3  
  109  13:54  Nydus Canal  
  104  14:06  Roach x4, Zergling x2  
  104  14:07  Roach  
  78  14:35  Roach  
  78  14:36  Roach x5  
  78  14:37  Queen  
  78  14:51  Queen  
  80  14:53  Drone  
  80  14:55  Ravager  
  86  15:00  Roach x4  
  90  15:26  Hatchery  
  89  15:32  Zergling x2  
  89  15:33  Zergling x4  
  89  15:35  Overlord x2  
  92  15:50  Overlord  
  92  15:52  Queen  
  94  16:02  Extractor  
  93  16:07  Zergling x2  
  93  16:08  Drone x4  
  97  16:17  Roach x15  
  87  16:44  Hatchery  
  86  16:47  Roach x13  
  86  16:57  Hatchery  
  51  17:15  Ultralisk Cavern  
  50  17:23  Drone x4  
  50  17:28  Drone x2  
  56  17:56  Infestor  
  58  18:04  Ultralisk  
  64  18:07  Chitinous Plating  
  64  18:12  Drone  
  65  18:16  Drone x3  
  68  18:20  Drone x2  
  70  18:47  Roach x4  
  70  18:48  Roach x4  
  85  18:57  Roach x4  
  85  19:02  Drone x3  
  95  19:19  Roach x6  
  104  19:25  Roach  
  104  19:26  Roach  
Show
View Real Time Build Order
Export as new Build Order

FlowOfIdeas Zerg 

Build Orders: Hatch First 

Get SALT Encoding   

  12  0:01  Drone  
  13  0:13  Overlord  
  13  0:18  Drone  
  14  0:31  Drone x2  
  14  0:35  Drone  
  17  0:57  Hatchery  
  17  1:01  Drone x2  
  18  1:10  Drone, Extractor  
  18  1:20  Spawning Pool  
  17  1:31  Extractor  
  16  1:34  Drone x2  
  18  1:40  Drone  
  19  1:53  Drone  
  20  2:07  Queen  
  22  2:08  Overlord  
  22  2:12  Queen  
  25  2:15  Zergling x2  
  25  2:20  Zergling x2  
  26  2:26  Zergling x2  
  26  2:29  Spore Crawler  
  26  2:32  Metabolic Boost  
  26  2:36  Zergling x2  
  27  2:47  Drone x2  
  29  2:53  Drone  
  30  2:59  Drone x3  
  30  3:03  Spore Crawler  
  31  3:12  Drone  
  32  3:21  Drone x2  
  32  3:23  Overlord  
  34  3:30  Drone x2  
  36  3:43  Baneling Nest  
  36  3:45  Evolution Chamber, Drone x2  
  36  3:47  Evolution Chamber  
  35  3:52  Burrow  
  35  4:02  Zergling x8  
  39  4:04  Zergling x2  
  39  4:07  Zergling x4  
  44  4:19  Overlord x2  
  43  4:27  Baneling x2  
  42  4:35  Queen  
  42  4:36  Overlord  
  42  4:38  Zergling x4  
  42  4:42  Zergling x6  
  47  4:50  Drone x3  
  49  5:02  Drone  
  50  5:08  Evolution Chamber  
  50  5:09  Evolution Chamber, Drone x3  
  50  5:13  Extractor  
  50  5:14  Extractor  
  49  5:17  Baneling x3  
  49  5:21  Baneling  
  49  5:29  Hatchery  
  43  5:58  Lair  
  43  5:59  Zerg Missile Weapons Level 1, Zerg Ground Armor Level 1  
  43  6:00  Drone x5  
  43  6:01  Drone  
  47  6:13  Zergling x6  
  47  6:15  Zergling x2  
  47  6:17  Pneumatized Carapace  
  51  6:25  Spore Crawler  
  51  6:26  Spore Crawler  
  49  6:35  Spore Crawler  
  48  6:44  Drone x4  
  52  7:26  Drone x5  
  52  7:28  Drone x3  
  60  7:30  Hydralisk Den, Queen  
  60  7:31  Drone x3  
  63  7:56  Drone x2  
  65  7:58  Zerg Missile Weapons Level 2  
  65  7:59  Zerg Ground Armor Level 2  
  65  8:00  Grooved Spines  
  65  8:12  Overlord x3  
  63  8:14  Hydralisk x2  
  63  8:23  Hydralisk  
  63  8:24  Hydralisk  
  63  8:25  Overlord x2  
  63  8:26  Overlord x2  
  66  8:36  Hydralisk x3  
  72  8:41  Spore Crawler  
  72  8:42  Spine Crawler, Spore Crawler  
  72  8:43  Spine Crawler  
  66  9:04  Hatchery  
  62  9:28  Hydralisk  
  64  9:31  Centrifical Hooks  
  64  9:33  Zergling x16  
  64  9:34  Zergling x4  
  74  9:40  Hatchery  
  74  9:42  Drone x6  
  79  9:46  Spine Crawler  
  78  9:53  Overseer  
  78  10:10  Spine Crawler  
  78  10:11  Muscular Augments  
  77  10:17  Zerg Melee Weapons Level 1  
  77  10:18  Infestation Pit  
  77  10:19  Zergling x10  
  81  10:25  Baneling x7  
  81  10:26  Baneling x6  
  81  10:31  Overseer  
  81  10:32  Overseer  
  77  10:57  Spine Crawler, Queen  
  77  10:58  Drone x3, Extractor x2  
  77  10:59  Queen  
  77  11:00  Drone  
  77  11:03  Hive  
  82  11:04  Pathogen Glands  
  82  11:05  Hydralisk x9  
  100  11:14  Drone  
  94  11:33  Hydralisk  
  94  11:34  Hydralisk x6  
  105  11:44  Baneling  
  105  11:45  Baneling x9  
  105  11:46  Baneling x4  
  105  11:53  Hydralisk x2  
  83  12:07  Hydralisk x4  
  83  12:21  Drone x3  
  86  12:23  Spore Crawler  
  85  12:34  Drone x4  
  85  12:35  Drone x2  
  91  12:42  Zerg Missile Weapons Level 3  
  91  12:44  Zerg Ground Armor Level 3  
  91  13:00  Zergling x14  
  93  13:34  Hydralisk x4  
  93  13:36  Overlord x3  
  93  13:41  Infestor x7  
  101  13:48  Baneling x6  
  115  13:49  Baneling x8  
  115  13:51  Drone x3  
  115  13:53  Extractor  
  117  13:55  Extractor  
  117  13:56  Drone x3  
  104  15:00  Drone x9  
  113  15:16  Hydralisk  
  113  15:17  Hydralisk x10  
  135  15:25  Hatchery  
  134  15:30  Hydralisk x2  
  136  15:54  Neural Parasite  
  136  15:55  Zerg Melee Weapons Level 2  
  136  16:00  Overlord x4, Zergling x2  
  136  16:01  Overlord x4  
  136  16:02  Zergling x8  
  130  16:33  Drone  
  130  16:34  Drone  
  118  16:44  Infestor x2  
  122  16:49  Hatchery  
  121  17:07  Drone x11  
  120  17:09  Drone  
  116  17:42  Hydralisk  
  116  17:43  Hydralisk x5  
  128  18:05  Hydralisk  
  128  18:06  Viper, Hatchery, Hydralisk x7  
  128  18:07  Viper x3  
  128  18:11  Evolution Chamber  
  128  18:12  Evolution Chamber  
  153  18:13  Hydralisk  
  153  18:14  Hydralisk x15  
  185  18:21  Ultralisk Cavern  
  183  18:44  Spore Crawler  
Show
View Real Time Build Order
Export as new Build Order

Achamian Protoss 

Build Orders:  

Get SALT Encoding   

  12  0:01  Probe  
  13  0:13  Probe  
  14  0:23  Pylon  
  14  0:25  Probe  
  15  0:37  Probe  
  16  0:45  Probe  
  17  0:55  Probe, Gateway  
  17  1:00  Assimilator  
  17  1:03  Probe  
  18  1:11  Probe  
  19  1:14  Pylon  
  20  1:26  Pylon  
  20  1:28  Probe  
  21  1:40  Probe  
  22  1:49  Cybernetics Core  
  22  1:52  Probe  
  23  2:04  Probe  
  24  2:16  Probe  
  24  2:18  Zealot  
  24  2:22  Pylon  
  27  2:26  Nexus  
  27  2:36  Assimilator  
  27  2:50  Forge  
  27  2:51  Warp Gate  
  27  2:52  Shield Battery  
  27  2:59  Probe  
  27  3:04  Twilight Council  
  28  3:11  Probe  
  29  3:23  Probe  
  29  3:24  Photon Cannon  
  30  3:31  Probe  
  31  3:34  Sentry  
  31  3:41  Probe x2  
  34  3:49  Probe  
  34  3:51  Gateway  
  34  3:53  Probe  
  34  3:54  Gateway  
  36  3:59  Probe  
  37  4:05  Probe  
  37  4:07  Gateway  
  36  4:19  Pylon  
  34  4:45  Stalker  
  36  5:05  Stalker  
  38  5:14  Pylon  
  38  5:27  Nexus  
  38  5:36  Gateway  
  38  5:51  Shield Battery, Blink  
  38  5:56  Sentry x4  
  46  6:22  Assimilator  
  46  6:26  Pylon  
  46  6:29  Pylon  
  45  6:40  Protoss Ground Weapons Level 1, Stalker x2  
  45  6:41  Stalker x2  
  53  6:58  Stalker  
  55  7:03  Shield Battery  
  55  7:12  Stalker x2  
  59  7:29  Stalker x3  
  53  8:14  Stalker x4  
  53  8:15  Stalker  
  61  8:31  Robotics Facility  
  61  8:33  Probe  
  61  8:35  Probe  
  61  8:38  Assimilator  
  63  8:42  Probe  
  63  8:43  Probe  
  65  8:51  Probe  
  66  9:01  Stalker x2  
  70  9:03  Probe  
  70  9:09  Warp Prism  
  71  9:20  Dark Shrine  
  61  9:47  Observer  
  59  9:58  Stalker x5  
  67  10:05  Observer  
  67  10:33  Nexus  
  67  10:34  Pylon  
  67  10:49  Dark Templar x2  
  71  10:50  Dark Templar x2  
  63  11:19  Zealot  
  59  11:27  Zealot  
  59  11:28  Zealot x2  
  45  11:54  Stalker  
  45  11:55  Dark Templar x4  
  49  12:15  Probe x2  
  49  12:18  Photon Cannon x2  
  49  12:19  Shield Battery  
  49  12:20  Shield Battery  
  47  12:23  Archon  
  47  12:30  Templar Archives  
  47  12:35  Dark Templar  
  46  12:40  Sentry  
  48  12:47  Sentry  
  48  12:49  Sentry  
  50  12:55  Sentry  
  47  13:14  Adept x2  
  47  13:16  High Templar  
  47  13:18  High Templar  
  53  13:29  Archon  
  53  13:30  Observer  
  53  13:39  Dark Templar  
  55  14:12  Dark Templar  
  55  14:13  Dark Templar x3  
  50  15:27  Nexus  
  32  15:54  Adept x2  
  34  16:20  High Templar x2  
  34  16:21  High Templar x2  
  34  16:24  Archon  
  34  16:25  Archon  
  38  16:51  Photon Cannon  
  38  17:00  Protoss Ground Weapons Level 2  
  38  17:04  Gateway  
  38  17:08  Stalker x2  
  38  17:09  Sentry  
  44  17:27  Assimilator  
  44  17:36  Assimilator  
  44  17:51  Pylon  
  44  18:05  Warp Prism, Probe  
  45  18:07  Stalker x3  
  53  18:25  Observer  
  53  18:28  Stalker x2  
  57  18:36  Observer  
  58  19:02  Stalker  
  58  19:03  Stalker  
  62  19:15  Zealot x4  
Tags
 
Add a new tag
Caveats
  • Supply blocks, unpowered buildings, or Contaminate may cause inaccurate times.
  • Supply counts are checked every 10 seconds.